 Dungeon Crawl Stone Soup version 0.28-a0-313-gbc0475efdd (webtiles) character file.

Game seed: 11259731712268183051

39 Demosthentine the Poker (level 3, -3/28 HPs)
             Began as a Merfolk Gladiator on Aug 31, 2021.
             Slain by an orc (5 damage)
             ... on level 1 of the Dungeon.
             The game lasted 00:01:14 (1367 turns).

Demosthentine the Poker (Merfolk Gladiator)         Turns: 1367, Time: 00:01:15

Health: -3/28      AC:  4    Str: 15    XL:     3   Next: 47%
Magic:  3/3        EV: 13    Int:  7    God:
Gold:   48         SH:  0    Dex: 15    Spells: 2/2 levels left

rFire   . . .      SeeInvis .   a - +0 trident
rCold   . . .      Faith    .   (no shield)
rNeg    . . .      Spirit   .   b - +0 leather armour
rPois   .          Reflect  .   c - +0 helmet
rElec   .          Harm     .   (no cloak)
rCorr   .          Rampage  .   (no gloves)
Will    .....                   (no boots)
Stlth   +.........              (no amulet)
HPRegen 0.09/turn               (no ring)
MPRegen 0.08/turn               (no ring)

@: no status effects
A: (nimble swimmer 2), mertail
a: no special abilities


You were on level 1 of the Dungeon.
You visited 1 branch of the dungeon, and saw 2 of its levels.

You collected 48 gold pieces.

Inventory:

Hand Weapons
 a - a +0 trident (weapon)
Missiles
 d - 3 throwing nets (quivered)
Armour
 b - a +0 leather armour (worn)
 c - a +0 helmet (worn)
 h - a +0 buckler
Jewellery
 i - a +6 ring of intelligence
Scrolls
 g - 2 scrolls of teleportation
 j - a scroll of fear
Potions
 e - 2 potions of curing {unknown}
 f - a potion of berserk rage {unknown}


   Skills:
 + Level 2.7 Fighting
 + Level 5.0 Polearms
 - Level 2.0 Throwing
 + Level 0.8 Armour
 + Level 4.5 Dodging
 + Level 0.3 Shields


You had 2 spell levels left.
You didn't know any spells.
Your spell library contained the following spells:

 Spells                   Type           Power      Damage    Failure   Level
 Beastly Appendage        Tmut           0%         N/A       50%         1
 Wereblood                Tmut           0%         N/A       65%         2
 Spider Form              Tmut/Pois      0%         N/A       86%         3


Dungeon Overview and Level Annotations

Branches:
Dungeon (2/15)

Altars:
Xom


Innate Abilities, Weirdness & Mutations

((You are quick and stealthy near water. (Stealth+, EV+, Speed+++)))
Your lower body shifts to a powerful aquatic tail in water.


Message History

The orc wizard points at you and mumbles some strange words.
The magic dart hits you.
You see here a +0 club.
There are monsters nearby!
There are monsters nearby!
You reach to attack!
You completely miss the orc wizard.
Unknown command.
Unknown command.
The orc wizard casts a spell at you. The puff of flame hits you.
You see here a +0 club.
Unknown command.
The orc wizard gestures at you while chanting.
The puff of flame misses you.
Unknown command.
Unknown command.
Unknown command.
There is a stone staircase leading up here.
Unknown command.
There is a stone staircase leading up here.
Unknown command.
Unknown command.
There is a stone staircase leading up here.
The orc priest invokes the aid of Beogh against you.
Beogh smites you!
Ouch! That really hurt!
* * * LOW HITPOINT WARNING * * *
You climb upwards.
There is a stone staircase leading down here.
Okay, then.
Unknown command.
You barely miss the orc. The orc misses you.
You hit the orc.
The orc is severely wounded.
The orc hits you with a +0 hand axe.
* * * LOW HITPOINT WARNING * * *
You barely miss the orc.
The orc is severely wounded.
The orc hits you with a +0 hand axe.
You die...

.####.............#
.....)....###.##.######
..........# #..#......#
..........# ##.#......#
..........# #........#
#########.# ##.......#
####....#.# #........#
...#.##.#.####.o.##.###
.....##.#.#.##.#@...#
............##.###############
........#.#.##(#.............#
..........#.##.#......######.#
.#......###.##.#......##...#.#
##......#......#......####.#.#
##.#############......# #.#.#
...##### #........# #.#.##
#......# ####.#......# #....#


You could see an orc.

Vanquished Creatures
  An orc (D:2)
  5 bats (D:1)
  6 endoplasms
  4 giant cockroaches
  4 goblins (D:1)
  3 hobgoblins
  4 ball pythons (D:1)
  4 frilled lizards (D:1)
  2 kobolds
  2 rats (D:1)
35 creatures vanquished.

Notes
Turn   | Place    | Note
-------+----------+-------------------------------------------
     0 | D:1      | Demosthentine the Merfolk Gladiator began the quest for the
                  | Orb.
     0 | D:1      | Reached XP level 1. HP: 16/16 MP: 1/1
   128 | D:1      | Reached XP level 2. HP: 18/23 MP: 2/2
   597 | D:1      | Found a faded altar of an unknown god.
   640 | D:1      | Reached XP level 3. HP: 22/28 MP: 3/3
  1227 | D:2      | Found a shimmering altar of Xom.
  1273 | D:2      | Reached skill level 5 in Polearms
  1367 | D:1      | Slain by an orc

Illustrated notes

Levels and vault maps discovered:
D:1:      shiori_arrival_maze, layout_basic,
          shapermc_ecumenical_altar_mp_urbaneastern
D:2:      layout_rooms, basic_altar

Skill      XL: |  1  2  3 |
---------------+----------+-----
Polearms       | 5 |  5.0
Fighting       | |  2.7
Throwing       | |  2.0
Armour         | |  0.8
Dodging        | |  4.5
Shields        | |  0.3

Action                   || total
-------------------------++-------
Melee: Trident           ||   105
  Use: Scroll            ||     2
 Stab: Sleeping          ||     3
Armor: Leather armour    ||    31
Dodge: Dodged            ||    71

Table legend: (Time is in decaauts)
 A = Elapsed time spent in this place.
 B = Non-inter-level travel time spent in this place.
 C = Inter-level travel time spent in this place.
 D = Time resting spent in this place.
 E = Time spent auto-exploring this place.
 F = Levels seen in this place.
 G = Mean time per level.
                   A        B        C        D        E       F      G
               +--------+--------+--------+--------+--------+-----+--------+
         Total |   1374 |   1324 |     50 |      0 |   1064 |   2 |  687.0 |
       Dungeon |   1374 |   1324 |     50 |      0 |   1064 |   2 |  687.0 |
               +--------+--------+--------+--------+--------+-----+--------+

Top non-repeatable levels by time:
     D:1: 1015 daAuts
     D:2: 359 daAuts
